 Dungeon Crawl Stone Soup version 0.29-a0-770-g2e8140cf71 (webtiles) character file.

Game seed: 15450858413852939791

23912 Querens the Blocker (level 13, -34/116 HPs)
             Began as a Meteoran Fighter on July 1, 2022.
             Was an Elder of Okawaru.
             Annihilated by a very large slime creature (45 damage)
             ... on level 12 of the Dungeon.
             The game lasted 00:27:25 (6552 turns).

Querens the Blocker (Meteoran Fighter)              Turns: 6552, Time: 00:27:26

Health: -34/116    AC: 14    Str: 24    XL:     13   Next: 73%
Magic:  13/19      EV: 17    Int: 12    God:    Okawaru [****..]
Gold:   221        SH:  9    Dex: 20    Spells: 12/12 levels left

rFire   . . .      SeeInvis .   J - +7 hand axe "Hoshoih" {venom, *Corrode rPois Int+3}
rCold   . . .      Faith    +   c - +0 buckler
rNeg    . . .      Spirit   .   b - +0 scale mail
rPois   +          Reflect  .   B - +0 helmet
rElec   .          Harm     .   h - scarf {repulsion}
rCorr   .          Rampage  .   v - +0 pair of gloves
Will    +....                   (no boots)
Stlth   +.........              P - amulet of faith
HPRegen 0.29/turn               r - +6 ring of dexterity
MPRegen 0.16/turn               u - +4 ring of evasion

@: heroic, finesse-ful, glowing, repel missiles
A: sense surroundings 2, otherworldly, glowing, explore regen
a: Renounce Religion, Heroism, Finesse


You were on level 12 of the Dungeon.
You worshipped Okawaru.
Okawaru was greatly pleased with you.
You visited 2 branches of the dungeon, and saw 13 of its levels.
You also visited: Sewer and Bailey.

You collected 794 gold pieces.
You spent 573 gold pieces at shops.

Inventory:

Hand Weapons
 l - the +11 sling "Xeicsex" {vorpal, rElec SInv}
   (You found it on level 2 of the Dungeon)

   Any ammunition fired from it inflicts extra damage upon your enemies.
   rElec:     It insulates you from electricity.
   SInv:      It lets you see invisible.
 J - the +7 hand axe "Hoshoih" (weapon) {venom, *Corrode rPois Int+3}
   (You found it in a bailey)

   It poisons the flesh of those it strikes.
   Int:       It affects your intelligence (+3).
   rPois:     It protects you from poison.
   *Corrode:  It may corrode you when you take damage.
 K - a +0 executioner's axe
 S - a +1 scimitar of flaming
Missiles
 Q - a curare-tipped dart
Armour
 b - a +0 scale mail (worn)
 c - a +0 buckler (worn)
 h - a scarf of repulsion (worn)
 v - a +0 pair of gloves (worn)
 w - a +0 plate armour
 B - a +0 helmet (worn)
 D - a +0 cloak
 M - a scarf of harm
Jewellery
 g - a +4 ring of slaying
 r - a +6 ring of dexterity (left hand)
 s - a ring of fire
 u - a +4 ring of evasion (right hand)
 C - a ring of fire
 P - an amulet of faith (around neck)
 R - a ring of positive energy
Wands
 G - a wand of flame (37)
 N - a wand of iceblast (5)
 V - a wand of digging (3)
Scrolls
 e - 5 scrolls of magic mapping
 f - a scroll of vulnerability {unknown}
 j - 3 scrolls of blinking
 k - 3 scrolls of teleportation
 m - 2 scrolls of amnesia {unknown}
 q - a scroll of silence {unknown}
 t - 3 scrolls of fear {unknown}
 y - 5 scrolls of fog
 z - 2 scrolls of poison {unknown}
 F - a scroll of summoning {unknown}
 O - a scroll of enchant armour {unknown}
 T - a scroll of enchant weapon {unknown}
 U - a scroll of immolation {unknown}
 Z - a scroll of identify
Potions
 d - 2 potions of might
 i - a potion of ambrosia
 o - 2 potions of curing {unknown}
 p - a potion of mutation {unknown}
 x - a potion of resistance {unknown}
 A - 2 potions of lignification
 E - a potion of cancellation {unknown}
 H - 2 potions of brilliance {unknown}
 I - 2 potions of invisibility {unknown}
 L - 2 potions of degeneration {unknown}
 W - a potion of flight {unknown}
 X - 2 potions of haste
 Y - a potion of magic {unknown}


   Skills:
 + Level 11.2(16.2) Fighting
 + Level 11.7(16.7) Axes
 + Level 10.3(15.3) Ranged Weapons
 + Level 12.0(17.0) Armour
 + Level 12.1(17.1) Shields
 + Level 6.7 Invocations


You had 12 spell levels left.
You didn't know any spells.
Your spell library contained the following spells:

 Spells                   Type           Power      Damage    Failure   Level
 Beastly Appendage        Tmut           0%         N/A       54%         1
 Foxfire                  Conj/Fire      0%         2x1d4     54%         1
 Magic Dart               Conj           0%         1d3       54%         1
 Blink                    Tloc           0%         N/A       69%         2
 Ensorcelled Hibernation  Hex/Ice        0%         N/A       69%         2
 Wereblood                Tmut           0%         N/A       69%         2
 Conjure Flame            Conj/Fire      0%         6-21      89%         3
 Inner Flame              Hex/Fire       0%         N/A       89%         3
 Mephitic Cloud           Conj/Pois/Air  0%         N/A       89%         3
 Spider Form              Tmut/Pois      0%         N/A       89%         3
 Anguish                  Hex/Necr       0%         N/A       100%        4
 Flame Wave               Conj/Fire      0%         2d4       100%        4
 Fireball                 Conj/Fire      0%         3d3       100%        5
 Freezing Cloud           Conj/Ice/Air   0%         6-21      100%        5
 Iskenderun's Battlesphe  Conj           0%         2d6       100%        5
 Manifold Assault         Tloc           0%         N/A       100%        5
 Conjure Ball Lightning   Conj/Air       0%         3x3d6     100%        6
 Starburst                Conj/Fire      0%         6d3       100%        6
 Orb of Destruction       Conj           0%         9d5       100%        7
 Storm Form               Tmut/Air       0%         N/A       100%        7
 Call Imp                 Summ           Unusable   N/A       N/A         2

Dungeon Overview and Level Annotations

Branches:
Dungeon (12/15) Zot: 1227  Temple (1/1) D:4 Zot: 484    Lair (0/6) D:8
  Sewer (visited)          Bailey (visited)
    Orc: D:9-12

Altars:
Ashenzari
Cheibriados
Dithmenos
Elyvilon
Fedhas
Gozag
Hepliaklqana
Kikubaaqudgha
Makhleb
Nemelex Xobeh
Okawaru
Qazlal
Ru
Sif Muna
Trog
Uskayaw
Vehumet
Wu Jian
Xom
Yredelemnul
Zin
The Shining One

Shops:
D:2 *   D:8 *   D:9 :   D:10 (


Innate Abilities, Weirdness & Mutations

You passively map the area around you.
You are easily found by Zot.
You glow in the dark.
You regain HP and MP as you explore.


Message History

The very large slime creature is heavily wounded.
You hit the large slime creature. You hit the very large slime creature.
Unknown command.
Unknown command.
You slash the very large slime creature!
The very large slime creature looks as sick as possible!
The very large slime creature is severely wounded.
You hit the very large slime creature.
The very large slime creature looks as sick as possible!
You barely miss the large slime creature.
Unknown command.
Unknown command.
You completely miss the very large slime creature.
The very large slime creature is severely wounded.
You hit the very large slime creature. You hit the large slime creature.
The large slime creature looks as sick as possible!
Unknown command.
Unknown command.
Unknown command.
You slash the very large slime creature!
The very large slime creature is almost dead.
You hit the large slime creature.
The large slime creature looks as sick as possible!
You slash the very large slime creature!
Unknown command.
Unknown command.
You barely miss the very large slime creature.
The very large slime creature is almost dead.
You barely miss the large slime creature.
You slash the very large slime creature!
Unknown command.
Unknown command.
Unknown command.
You slash the very large slime creature!
The very large slime creature is almost dead.
You hit the very large slime creature. You slash the large slime creature!
A very large slime creature splits.
The large slime creature hits you!
* * * LOW HITPOINT WARNING * * *
The very large slime creature hits you!!!
You die...

,, * , , , ** * , , ,, ... $ .
**,, , . * * , ...#. . , , , #<.
,* ** #.#.#.#, , *,, ... .#..#
#.#.#.# *, * *
.#.##.#.#####*.#.#.# , , *
............ #...#, * ,
##........#* *#JJJ# , * > ,
##....#...# ##J@.#, , ,
#....#...####.#.#.# , , * ##
##...........#.#.#.#.* , ###.#
##.............#.#.#.#, ###...#
.............#)##...#.###)#....#
#.#..##...####.##...##...#.....#
.###.##...# #.##...#....#....# *
#.#..##...# #.###.#.....#...##
#....###.#####...#.#....#.###.#


You could see a very large slime creature (extremely poisoned), 2 large slime
creatures and a slime creature (extremely poisoned).

Vanquished Creatures
  An orc warlord (Bailey)
  Josephine (D:12)
  Erica (D:9)
  2 two-headed ogres (D:11)
  Nergalle (D:10)
  Pikel (D:8)
  Joseph (D:8)
  A gargoyle (D:12)
  2 unseen horrors
  A kobold demonologist (D:10)
  Psyche (D:10)
  3 trolls
  A hornet (D:9)
  A slime creature (D:12)
  The ghost of Zero the Ruffian, an amateur GrTm (D:4)
  7 wraiths
  5 yaks (D:9)
  2 acid dragons (D:10)
  3 water moccasins
  7 orc warriors
  6 ice beasts
  A sky beast (D:7)
  2 ogres
  6 centaurs
  3 phantoms
  4 kobold brigands
  4 bullfrogs
  2 gnoll sergeants
  2 necrophages
  3 scorpions
  13 killer bees
  3 howler monkeys
  An electric eel (D:8)
  3 hounds
  A jelly (D:6)
  4 orc priests
  Crazy Yiuf (D:4)
  3 iguanas
  11 orc wizards
  A bullfrog simulacrum (D:4)
  13 gnolls
  9 adders
  A hound simulacrum (D:4)
  A shadow imp (D:6)
  A howler monkey simulacrum (D:4)
  2 white imps
  2 ufetubi
  2 worms
  3 adder simulacra (D:4)
  2 dart slugs
  40 orcs
  6 ball pythons
  6 bats
  5 endoplasms
  13 giant cockroaches
  8 hobgoblins
  8 jackals
  7 quokkas
  10 frilled lizards
  10 goblins
  34 kobolds
  2 rats
302 creatures vanquished.

Vanquished Creatures (others)
  A fungus (D:8)
  A plant (D:8)
2 creatures vanquished.

Grand Total: 304 creatures vanquished

Notes
Turn   | Place    | Note
-------+----------+-------------------------------------------
     0 | D:1      | Querens the Meteoran Fighter began the quest for the Orb.
     0 | D:1      | Reached XP level 1. HP: 19/19 MP: 2/2
    72 | D:1      | Reached XP level 2. HP: 25/26 MP: 3/3
   212 | D:1      | Reached XP level 3. HP: 31/31 MP: 4/4
   477 | D:1      | Glimpsed the power of Zot.
   523 | D:1      | Glimpsed the power of Zot.
   563 | D:1      | Glimpsed the power of Zot.
   567 | D:2      | Found Veis's General Store.
   575 | D:2      | Bought a scroll of noise for 13 gold pieces
   762 | D:2      | Identified the +11 sling "Xeicsex" {vorpal, rElec SInv}
   858 | D:2      | Reached XP level 4. HP: 40/40 MP: 5/5
   883 | D:2      | Found a faded altar of an unknown god.
  1059 | D:2      | Glimpsed the power of Zot.
  1108 | D:2      | Glimpsed the power of Zot.
  1140 | D:3      | Reached XP level 5. HP: 43/46 MP: 6/6
  1152 | D:3      | Reached skill level 1 in Ranged Weapons
  1411 | D:4      | Found a runed translucent gate.
  1412 | D:4      | Found a runed translucent gate.
  1420 | D:4      | Found a runed translucent gate.
  1450 | D:4      | Noticed Zero's ghost (amateur GrTm)
  1450 | D:4      | Noticed an ice beast
  1464 | D:4      | Found a staircase to the Ecumenical Temple.
  1473 | D:4      | Reached XP level 6. HP: 49/52 MP: 7/7
  1476 | Temple   | Entered the Ecumenical Temple
  1620 | D:4      | Found a runed translucent door.
  1621 | D:4      | Noticed Crazy Yiuf
  1629 | D:4      | Killed Crazy Yiuf
  1953 | D:4      | Reached skill level 5 in Armour
  1953 | D:4      | Reached skill level 5 in Shields
  1957 | D:4      | Reached XP level 7. HP: 60/60 MP: 8/8
  2134 | D:4      | Killed Zero's ghost
  2140 | D:4      | Reached skill level 5 in Fighting
  2143 | D:4      | Reached XP level 8. HP: 22/68 MP: 9/9
  2223 | D:5      | Entered Level 5 of the Dungeon
  2252 | D:5      | Reached skill level 5 in Axes
  2392 | D:5      | Gained mutation: You passively map the area around you.
                  | [Meteoran growth]
  2392 | D:5      | Reached XP level 9. HP: 34/75 MP: 10/10
  2508 | D:5      | Found a glowing drain.
  2574 | D:5      | Found a stormy altar of Qazlal.
  2694 | Sewer    | Entered a sewer
  2922 | D:6      | Reached skill level 5 in Ranged Weapons
  3451 | D:7      | Reached XP level 10. HP: 84/84 MP: 11/11
  3652 | D:7      | Found a flagged portal.
  3760 | Bailey   | Entered a bailey
  3765 | Bailey   | Noticed an orc warlord
  3868 | Bailey   | Found a runed translucent gate.
  3881 | Bailey   | Found a runed translucent gate.
  3890 | Bailey   | Found a runed translucent gate.
  4043 | Bailey   | Identified the +7 hand axe "Hoshoih" {venom, *Corrode rPois
                  | Int+3}
  4045 | Bailey   | Reached skill level 10 in Armour
  4045 | Bailey   | Reached skill level 10 in Shields
  4045 | Bailey   | Reached XP level 11. HP: 80/97 MP: 12/12
  4175 | Bailey   | Killed an orc warlord
  4340 | D:8      | Found a staircase to the Lair.
  4460 | D:8      | Noticed Joseph
  4470 | D:8      | Killed Joseph
  4519 | D:8      | Found an iron altar of Okawaru.
  4522 | D:8      | Reached skill level 10 in Axes
  4529 | D:8      | Became a worshipper of Warmaster Okawaru
  4584 | D:8      | Noticed Pikel
  4595 | D:8      | Killed Pikel
  4604 | D:8      | Found Qaocuyho's Neck Hole.
  4618 | D:8      | Bought an amulet of faith for 560 gold pieces
  4630 | D:8      | Reached skill level 10 in Fighting
  4630 | D:8      | Reached XP level 12. HP: 107/107 MP: 12/16
  4875 | D:9      | Reached * piety under Okawaru
  4909 | D:9      | Reached XP level 13. HP: 65/114 MP: 17/17
  5052 | D:9      | Found Muolier's Self-Improvement Boutique.
  5135 | D:9      | Noticed Erica
  5159 | D:9      | Killed Erica
  5159 | D:9      | Reached ** piety under Okawaru
  5160 | D:9      | Reached skill level 5 in Invocations
  5222 | D:10     | Entered Level 10 of the Dungeon
  5330 | D:10     | Found Muvadam's Antique Weapon Emporium.
  5712 | D:10     | Noticed Nergalle
  5726 | D:10     | Killed Nergalle
  5797 | D:10     | Noticed Psyche
  5804 | D:10     | Killed Psyche
  5804 | D:10     | Reached *** piety under Okawaru
  5818 | D:10     | Found a broken altar of Ashenzari.
  5818 | D:10     | Found a snail-covered altar of Cheibriados.
  5850 | D:11     | Got Yxeyfait's Volume of the Flamy Snowflakes
  5908 | D:11     | Reached skill level 10 in Ranged Weapons
  5951 | D:11     | Found an ancient bone altar of Kikubaaqudgha.
  5967 | D:11     | Noticed a two-headed ogre
  5973 | D:11     | Killed a two-headed ogre
  6321 | D:11     | Noticed a two-headed ogre
  6327 | D:11     | Killed a two-headed ogre
  6327 | D:11     | Reached **** piety under Okawaru
  6373 | D:12     | Noticed Josephine
  6388 | D:12     | Killed Josephine
  6552 | D:12     | Annihilated by a very large slime creature

Illustrated notes

Levels and vault maps discovered:
D:1:      onia_arrival_pentagram, layout_basic
D:2:      layout_loops_ring, serial_shops, shop_statue,
          hellmonk_ecumenical_altar_pennies_from_heaven, grunt_decor_clamped,
          hangedman_glass_teeth, minmay_pentomino_s4
D:3:      layout_basic, minmay_close_crescents
D:4:      layout_loops_cross, minmay_temple_entry_purple_smoke,
          gammafunk_ghost_icy, minmay_tree_intersection,
          small_statue_intersection, uniq_crazy_yiuf_cottage
D:5:      layout_rooms, nicolae_qazlal_eye_of_the_storm, gup_sewer_entry_glass,
          dk_noncrumbling_4, moated_statue, minmay_misc_feat_room,
          kennysheep_dice
D:6:      layout_loops_ring, grunt_ministairs_11
D:7:      layout_rooms, enter_bailey_5, grunt_ministairs_12
D:8:      layout_loops_ring, okawaru_ov_weapons_minmay, dpeg_oklobed_lair,
          serial_bayou, serial_bayou_pond_d, serial_bayou_crossing,
          serial_bayou_pond_c, serial_bayou_shore_b,
          nicolae_shop_sticking_my_neck_out, uniq_pikel, uniq_joseph
D:9:      layout_big_octagon, nicolae_shop_self_help, uniq_erica
D:10:     layout_long_grid, gammafunk_temple_overflow_pools, serial_shops, shop,
          minivault_25_ag, uniq_psyche, uniq_nergalle
D:11:     layout_irregular_city, kiku_gazebo_garden_becter
D:12:     nicolae_BIG_FREAKIN_CUBE, layout_loops_ring, orc_0_dummy,
          uniq_josephine
Temple:   regret_index_temple_chain_breaker

Skill      XL: |  1  2  3  4  5  6  7  8  9 10 11 12 13 |
---------------+----------------------------------------+-----
Armour         | 4 5 6 7 10 11 12 | 12.0
Shields        | 4 5 6 7 10 11 12 | 12.1
Axes           | 3 4 5 7 9 10 11 | 11.7
Ranged Weapons | 1 2 3 4 5 8 9 10 | 10.3
Fighting       | 4 5 6 9 10 11 | 11.2
Invocations    | 4 6 |  6.7

Action                   |  1- 3 |  4- 6 |  7- 9 | 10-12 | 13-15 || total
-------------------------+-------+-------+-------+-------+-------++-------
Melee: War axe           |    87 |       |       |     2 |       ||    89
       Sling             |       |     5 |     5 |       |       ||    10
       Hand axe          |       |       |       |       |    17 ||    17
 Fire: Sling             |     5 |   103 |   201 |   228 |   266 ||   803
Invok: Heroism           |       |       |       |       |     6 ||     6
       Finesse           |       |       |       |       |     1 ||     1
  Use: Scroll            |       |       |       |     9 |       ||     9
       Potion            |       |       |       |     5 |       ||     5
Armor: Scale mail        |    58 |    30 |    53 |    46 |    45 ||   232
Dodge: Dodged            |    39 |    24 |    53 |    74 |   103 ||   293
       Repelled          |       |       |       |     1 |     1 ||     2
Block: Buckler           |    29 |    18 |    38 |    40 |    80 ||   205

Table legend: (Time is in decaauts)
 A = Elapsed time spent in this place.
 B = Non-inter-level travel time spent in this place.
 C = Inter-level travel time spent in this place.
 D = Time resting spent in this place.
 E = Time spent auto-exploring this place.
 F = Levels seen in this place.
 G = Mean time per level.
                   A        B        C        D        E       F      G
               +--------+--------+--------+--------+--------+-----+--------+
         Total |   6744 |   6123 |    621 |      0 |    235 |  15 |  449.6 |
       Dungeon |   5971 |   5364 |    607 |      0 |      0 |  12 |  497.6 |
        Temple |    115 |    101 |     14 |      0 |     83 |   1 |  115.0 |
         Sewer |    242 |    242 |      0 |      0 |    152 |   1 |  242.0 |
        Bailey |    414 |    414 |      0 |      0 |      0 |   1 |  414.0 |
               +--------+--------+--------+--------+--------+-----+--------+

Top non-repeatable levels by time:
     D:4: 727 daAuts
    D:10: 619 daAuts
     D:1: 590 daAuts
     D:2: 580 daAuts
     D:6: 562 daAuts
     D:8: 549 daAuts
     D:5: 514 daAuts
    D:11: 500 daAuts
     D:7: 464 daAuts
  Bailey: 414 daAuts
     D:9: 362 daAuts
     D:3: 301 daAuts
   Sewer: 242 daAuts
    D:12: 196 daAuts
  Temple: 115 daAuts
